 Dungeon Crawl Stone Soup version 0.30-a0-576-g89cddaab80 (webtiles) character file.

Game seed: 8134642086166796781

681 lunkers the Basher (level 8, -2/61 HPs)
             Began as a Meteoran Reaver on Dec 31, 2022.
             Was a Follower of Ru.
             Slain by a gnoll sergeant
             ... wielding a +1 trident of protection
              (5 damage)
             ... on level 4 of the Dungeon.
             The game lasted 00:04:10 (2124 turns).

lunkers the Basher (Meteoran Reaver)                Turns: 2124, Time: 00:04:11

Health: -2/61      AC:  8    Str: 16    XL:     8   Next: 15%
Magic:  1/12       EV: 12    Int: 15    God:    Ru [*.....]
Gold:   179        SH:  5    Dex: 12    Spells: 5/11 levels left

rFire   . . .      SeeInvis .    a - +2 whip (drain)
rCold   . . .      Faith    .    (no shield)
rNeg    . . .      Spirit   .    b - +0 leather armour
rPois   .          Reflect  +    g - +0 helmet
rElec   .          Harm     .    (no cloak)
rCorr   .          Rampage  .    (no gloves)
Will    +....                    (no boots)
Stlth   +                        k - amulet of reflection
HPRegen 0.30/turn                i - +4 ring of protection
MPRegen 0.13/turn                (no ring)

@: very slightly contaminated, glowing
A: sense surroundings 1, unskilled 1, otherworldly, glowing, explore regen
a: Renounce Religion


You were on level 4 of the Dungeon.
You worshipped Ru.
Ru was aware of your devotion.
You visited 1 branch of the dungeon, and saw 4 of its levels.

You collected 179 gold pieces.

Inventory:

Hand Weapons
 a - a +2 whip of draining (weapon)
 f - a +0 mace
Armour
 b - a +0 leather armour (worn)
 g - a +0 helmet (worn)
Jewellery
 i - a +4 ring of protection (left hand)
 k - an amulet of reflection (around neck)
Scrolls
 d - 3 scrolls of teleportation
 e - a scroll of identify
 p - a scroll of fog {unknown}
Potions
 h - 2 potions of haste
 j - a potion of flight
 l - 2 potions of lignification
 m - a potion of ambrosia
 n - a potion of curing {unknown}
 o - a potion of mutation {unknown}


   Skills:
 - Level 2.0 Fighting
 * Level 8.4 Maces & Flails
 - Level 2.1 Dodging
 - Level 2.4 Spellcasting
 - Level 4.5 Conjurations
 + Level 4.2 Translocations


You had 5 spell levels left.
You knew the following spells:

 Your Spells              Type           Power      Damage    Failure   Level
b - Momentum Strike       Conj/Tloc      30%        3d8       6%          2
c - Hailstorm             Conj/Ice       8%         3d4       30%         3
p - Kiss of Death         Conj/Necr      32%        2d7       11%         1

Your spell library contained the following spells:

 Spells                   Type           Power      Damage    Failure   Level
 Inner Flame              Hex/Fire       1%         N/A       61%         3
 Cause Fear               Hex            0%         N/A       95%         4
 Discord                  Hex            0%         N/A       100%        8


Dungeon Overview and Level Annotations

Branches:
Dungeon (4/15) Zot: 300    Temple (0/1) D:4

Altars:
Ru

Shops:
D:2 :


Innate Abilities, Weirdness & Mutations

You passively map a small area around you.
You are somewhat unskilled. (-1 Apt)
You are easily found by Zot.
You glow in the dark.
You regain HP and MP as you explore.


Message History

Confirm with . or Enter, or press ? or * to list all spells.
Casting: Hailstorm (dangerous; 30% risk of failure)
Press: ? - help, Dir - look around, f - activate A cannonade of hail descends around you!
The hail pelts the gnoll sergeant.
The gnoll sergeant is lightly wounded.
The hail pelts the gnoll!
You kill the gnoll!
The hail pelts the gnoll.
The gnoll is almost dead.
The gnoll barely misses you. You block the gnoll sergeant's attack.
Unknown command.
Unknown command.
Unknown command.
Unknown command.
Unknown command.
Unknown command.
Unknown command.
Unknown command.
Unknown command.
Casting: Hailstorm (dangerous; 30% risk of failure)
Confirm with . or Enter, or press ? or * to list all spells.
Casting: Hailstorm (dangerous; 30% risk of failure)
Press: ? - help, Dir - look around, f - activate You miscast Hailstorm.
You are very lightly contaminated with residual magic.
Nothing appears to happen.
The gnoll barely misses you.
The gnoll sergeant hits you from afar with a +1 trident of protection!
* * * LOW HITPOINT WARNING * * *
Unknown command.
Unknown command.
Casting: Hailstorm (dangerous; 30% risk of failure)
Confirm with . or Enter, or press ? or * to list all spells.
Casting: Hailstorm (dangerous; 30% risk of failure)
Press: ? - help, Dir - look around, f - activate You miscast Hailstorm.
Nothing appears to happen.
* * * LOW MAGIC WARNING * * *
The gnoll misses you.
The gnoll sergeant hits you from afar with a +1 trident of protection.
You die...

######## ##....... *
#########...##### ~ ~ ~
≈≈)....)..#...# * ~
*#≈#######...#.#
########≈#######≈# ##.##.###
#.......≈≈#..g#≈≈####
##...#....
#.######≈≈#?.g)@....#
#....(..## #.#
≈≈#..)#≈≈##.###....#.## #.#
*≈#######≈##.#.....##.#
#.######≈##≈≈≈##≈##.#.###..#.#
#.......≈≈≈≈≈≈≈≈≈.....# #..#.#
##..............###.#.###..#.#
#[####..#####..#
#.#......#.### #.####..# #..#
#.###.#..#.... ###.#.....#
#.(# #.##.....####.


You could see a gnoll sergeant and a gnoll.

Vanquished Creatures
  Sigmund (D:2)
  Duvessa (D:4)
  An ogre (D:4)
  A scorpion (D:4)
  Dowan (D:4)
  An iguana (D:4)
  Robin (D:2)
  3 gnolls
  8 adders
  A dart slug (D:2)
  An orc (D:3)
  6 ball pythons
  6 endoplasms
  A giant cockroach (D:2)
  15 goblins
  8 hobgoblins
  7 jackals
  3 quokkas
  6 bats
  2 frilled lizards
  4 kobolds
78 creatures vanquished.

Notes
Turn   | Place    | Note
-------+----------+-------------------------------------------
     0 | D:1      | lunkers the Meteoran Reaver began the quest for the Orb.
     0 | D:1      | Reached XP level 1. HP: 17/17 MP: 5/5
   129 | D:1      | Reached XP level 2. HP: 23/24 MP: 6/6
   141 | D:1      | Learned a level 2 spell: Momentum Strike
   162 | D:1      | Reached XP level 3. HP: 10/27 MP: 6/8
   493 | D:1      | Glimpsed the power of Zot.
   564 | D:2      | Reached skill level 5 in Maces & Flails
   574 | D:2      | Reached XP level 4. HP: 24/36 MP: 9/9
   599 | D:2      | Noticed Robin
   606 | D:2      | Killed Robin
   631 | D:2      | Learned a level 3 spell: Hailstorm
   760 | D:2      | Reached skill level 1 in Translocations
   813 | D:2      | Identified the +5 sling "Biekhi" {heavy, +Blink rC+ rCorr
                  | Str+4}
   833 | D:2      | Noticed Sigmund
   842 | D:2      | Killed Sigmund
   843 | D:2      | Reached skill level 7 in Maces & Flails
   843 | D:2      | Reached skill level 5 in Conjurations
   843 | D:2      | Reached XP level 5. HP: 23/41 MP: 8/10
   843 | D:2      | Reached XP level 6. HP: 28/48 MP: 8/11
   917 | D:2      | Found Hoathrausy's Book Boutique.
  1334 | D:3      | Found a faded altar of an unknown god.
  1364 | D:3      | Prayed at the altar of an unknown god.
  1364 | D:3      | Became a worshipper of Ru the Awakened
  1381 | D:3      | Gained mutation: You are somewhat unskilled. (-1 Apt) [Ru
                  | sacrifice]
  1381 | D:3      | Reduced skill Maces & Flails to level 6
  1381 | D:3      | Reached * piety under Ru
  1405 | D:3      | Reached XP level 7. HP: 55/55 MP: 11/11
  1584 | D:4      | Reached skill level 7 in Maces & Flails
  1645 | D:4      | Found a staircase to the Ecumenical Temple.
  1904 | D:4      | Noticed Dowan
  1906 | D:4      | Noticed Duvessa
  1913 | D:4      | Killed Dowan
  1921 | D:4      | Killed Duvessa
  1922 | D:4      | Reached skill level 8 in Maces & Flails
  1922 | D:4      | Reached XP level 8. HP: 61/61 MP: 3/12
  2123 | D:4      | HP: 3/61 [gnoll sergeant/+1 trident of protection (10)]
  2124 | D:4      | Slain by a gnoll sergeant

Illustrated notes

Levels and vault maps discovered:
D:1:      lemuel_arrival_muddy, layout_loops_cross, minmay_fountain_box
D:2:      layout_loops_ring, serial_shops,
          nicolae_shop_competitors_out_of_business, grunt_ministairs_3,
          hangedman_decor_growths, small_statue_intersection,
          reono_crystal_passage, uniq_robin, uniq_sigmund
D:3:      layout_loops_corners, basic_ecumenical_altar,
          kennysheep_generic_room_5
D:4:      layout_loops_ring, minmay_temple_entry_butterflies, lightli_minifort,
          uniq_duvessa

Skill      XL: |  1  2  3  4  5  6  7 |
---------------+----------------------+-----
Conjurations   | 4 5 4 |  4.5
Maces & Flails | 5 7 6 8 |  8.4
Translocations | 3 2 4 |  4.2
Fighting       | |  2.0
Dodging        | |  2.1
Spellcasting   | |  2.4

Action                   |  1- 3 |  4- 6 |  7- 9 || total
-------------------------+-------+-------+-------++-------
Melee: Mace              |    39 |       |       ||    39
       Whip              |    43 |    99 |    63 ||   205
       Punch             |       |     1 |     1 ||     2
 Cast: Kiss of Death     |     1 |     1 |       ||     2
       Momentum Strike   |       |     1 |       ||     1
       Hailstorm         |       |       |     5 ||     5
Invok: Sacrifice Skill   |       |     1 |       ||     1
  Use: Scroll            |       |       |     7 ||     7
       Potion            |       |       |     1 ||     1
Armor: Leather armour    |    37 |    31 |     9 ||    77
Dodge: Dodged            |    63 |    42 |    22 ||   127
Block: Other             |       |       |    12 ||    12

Table legend: (Time is in decaauts)
 A = Elapsed time spent in this place.
 B = Non-inter-level travel time spent in this place.
 C = Inter-level travel time spent in this place.
 D = Time resting spent in this place.
 E = Time spent auto-exploring this place.
 F = Levels seen in this place.
 G = Mean time per level.
                   A        B        C        D        E       F      G
               +--------+--------+--------+--------+--------+-----+--------+
         Total |   2098 |   1975 |    123 |      0 |   1449 |   4 |  524.5 |
       Dungeon |   2098 |   1975 |    123 |      0 |   1449 |   4 |  524.5 |
               +--------+--------+--------+--------+--------+-----+--------+

Top non-repeatable levels by time:
     D:4: 623 daAuts
     D:1: 533 daAuts
     D:3: 511 daAuts
     D:2: 430 daAuts
